[Event "Early-Titled-Tuesday-Blitz-October-10-2023"]
[Site "Chess.com"]
[Date "2023.10.10"]
[Round "2"]
[White "play1ngtheangel"]
[Black "aqibjbutt"]
[Result "1/2-1/2"]
[WhiteElo "2627"]
[BlackElo "1974"]
[TimeControl "180+1"]
[EndTime "8:18:03 PDT"]
[Termination "Game drawn by agreement"]

1. e4 c6 2. Nc3 d5 3. Nf3 Bg4 4. h3 Bxf3 5. Qxf3 e6 6. d4 Nd7 7. Bd3 dxe4 8. Nxe4 Ngf6 9. Nd2 Be7 10. O-O O-O 11. b3 e5 12. Bb2 Bd6 13. Nc4 Qc7 14.
Nxd6 Qxd6 15. Rad1 Rfe8 16. Qg3 Qb8 17. Rfe1 e4 18.
Qxb8 Raxb8 19. Bf1 Nd5 20. c4 Nf4 21. g3 Ng6 22. d5 cxd5 23. Rxd5 Nde5 24. Re3 f5 25. h4 Ng4 26. Re1 N6e5 27. Bxe5 Nxe5 28. Bg2 Nd3 29. Re3 g6 30. h5 Rbd8 31. hxg6 hxg6 32. g4 Rxd5 33. cxd5 Rd8 34. gxf5 gxf5 35. f3 Nf4 36.
fxe4 Nxg2 37. Rg3+ Kf7 38. Kxg2 fxe4 39. Rg5 Kf6 40.
Rh5 Rc8 41. Kg3 Rc2 42. Kf4 Rxa2 43. Rh6+ Kg7 44. Rd6 Re2 45. Rd7+ Kf6 46. Rxb7 Re1 47. Rxa7 e3 48. Ra6+ Kf7 49. Re6 e2 50. Kf3 Rb1 51. Rxe2 Rxb3+ 52. Kf4 Rd3 53. Ke4 Rd1 54. Ra2 Ke7 55.
Ra7+ Kd6 56. Ra6+ Kd7 57. Ke5 Re1+ 58. Kd4 Rd1+ 59. Kc4 Rc1+ 60. Kb3 Rb1+ 61. Kc2 Rb5 62.
d6 Rd5 1/2-1/2

[Event "Early-Titled-Tuesday-Blitz-October-10-2023"]
[Site "Chess.com"]
[Date "2023.10.10"]
[Round "2"]
[White "rikchessmx"]
[Black "slorovel"]
[Result "0-1"]
[WhiteElo "2287"]
[BlackElo "2512"]
[TimeControl "180+1"]
[EndTime "8:18:03 PDT"]
[Termination "slorovel won on time"]

1. e4 e6 2. d4 d5 3. Nc3 Nc6 4. e5 f6 5. f4 Nh6 6. Nf3 fxe5 7.
fxe5 Qe7 8. Bxh6 gxh6 9. Qd2 Bd7 10. O-O-O O-O-O 11. Bd3 Rg8 12. Rdf1 Be8 13. g3 Bg6 14. Bb5 Nb8 15. Nh4 a6 16. Nxg6 hxg6 17. Bd3 g5 18.
Qe2 c5 19. dxc5 Nc6 20. Rf6 Bg7 21. Rg6 Bxe5 22. Rxh6 Qxc5 23. Nd1 Rge8 24. Rf1 a5 25. Qg4 Nb4 26. Kb1 Kb8 27. Rxe6 Rxe6 28. Qxe6 Qd4 29. Re1 Nxd3 30. cxd3 Qxd3+ 31. Ka1 Bh8 32. Qe2 Qd4 33. Nc3 Qb4 34. a3 Qb3 35. Qd1 Qc4 36. Qc2 d4 37. Re4 d3 38. Rxc4 dxc2 39. Ne2 Rd2 40. Ka2 Rxe2 41.
Kb3 a4+ 42. Kxa4 Bxb2 43. h4 c1=Q 44. Rxc1 Bxc1 45. h5 Rh2 46. g4 Rh4 0-1

[Event "Early-Titled-Tuesday-Blitz-October-10-2023"]
[Site "Chess.com"]
[Date "2023.10.10"]
[Round "2"]
[White "WindWhistler11"]
[Black "JiiHart"]
[Result "1-0"]
[WhiteElo "2465"]
[BlackElo "2185"]
[TimeControl "180+1"]
[EndTime "8:18:03 PDT"]
[Termination "WindWhistler11 won on time"]

1. Nf3 Nf6 2. g3 g6 3. Bg2 Bg7 4. O-O O-O 5. d3 d5 6. Nbd2 c5 7. c4 e6 8. a3 Nc6 9. Rb1 a5 10. Ne1 Bd7 11. Nc2 Qe7 12. b3 Rad8 13. Qe1 d4 14. b4 axb4 15. axb4 Nxb4 16. Nxb4 cxb4 17.
Nf3 Bc6 18. Qxb4 Rfe8 19. Qxe7 Rxe7 20. Ba3 Ree8 21. Bc5 e5 22. Bb6 Rd7 23. Bh3 Rde7 24. Bc5 Bxf3 25. exf3 Rc7 26. Bd6 Rc6 27. c5 Bf8 28. Rxb7 Bxd6 29. cxd6 Rxd6 30. Ra1 Rf8 31. Raa7 Nd5 32. Re7 Rf6 33. Rxe5 Nb4 34. f4 Nc6 35. Rea5 Nxa5 36. Rxa5 Rd6 37. Kg2 Rb8 38. f5 Rb2 39. Ra4 gxf5 40. Bxf5 Kg7 41. g4 h6 42. h4 Kf6 43.
Kg3 h5 44. f3 hxg4 45. fxg4 Ke5 46. Ra5+ Rd5 47. Ra7 Rc5 48. Rxf7 1-0

[Event "Early-Titled-Tuesday-Blitz-October-10-2023"]
[Site "Chess.com"]
[Date "2023.10.10"]
[Round "2"]
[White "mr_gustavo"]
[Black "Duhless"]
[Result "1-0"]
[WhiteElo "2628"]
[BlackElo "2931"]
[TimeControl "180+1"]
[EndTime "8:18:05 PDT"]
[Termination "mr_gustavo won by resignation"]

1. e4 c5 2. Nf3 Nc6 3. Bb5 e5 4. O-O Nge7 5. b4 cxb4 6. a3 Ng6 7. axb4 Bxb4 8. c3 Be7 9. d4 O-O 10. d5 Na5 11. d6 Bf6 12. Qd5 Rb8 13. g3 b6 14. h4 Bb7 15. Qd3 Re8 16. c4 Nf8 17.
Be3 Ne6 18. Nbd2 Rc8 19. Nb3 Nxb3 20. Qxb3 Bxe4 21. Nd2 Bc6 22. Rxa7 Nd4 23. Bxd4 exd4 24. Qd3 Be5 25. Bxc6 Rxc6 26. Ne4 h6 27. Rfa1 Bxd6 28. Ra8 Bb8 29. Qxd4 Qe7 30. Nc3 Be5 31. Qe4 Re6 32. Rxe8+ Qxe8 33. Ra8 Bb8 34. Qb7 Re1+ 35. Kg2 Kh7 36. Rxb8 Qe5 37. Qc8 Qxc3 38. h5 Rg1+ 39. Kxg1 Qe1+ 40. Kg2 Qe4+ 41. Kh2 1-0

[Event "Early-Titled-Tuesday-Blitz-October-10-2023"]
[Site "Chess.com"]
[Date "2023.10.10"]
[Round "2"]
[White "atalz0"]
[Black "Witty_Alien"]
[Result "1-0"]
[WhiteElo "2480"]
[BlackElo "2216"]
[TimeControl "180+1"]
[EndTime "8:18:05 PDT"]
[Termination "atalz0 won on time"]

1. d4 e5 2. dxe5 d6 3. Nf3 Nc6 4. Bf4 Bg4 5. Nbd2 dxe5 6. Nxe5 Nxe5 7. Bxe5 Qd5 8. Bc3 O-O-O 9. f3 Be7 10. e4 Qh5 11. fxg4 Bh4+ 12. g3 Bxg3+ 13. hxg3 Qxh1 14. Qf3 Qxf3 15. Nxf3 Nf6 16. Bxf6 gxf6 17. Bd3 Rhg8 18. Nh2 h5 19. Kf2 hxg4 20. Kg2 Kd7 21. Rf1 Ke6 22.
Rf4 b5 23. Nxg4 c5 24. Nxf6 c4 25. Nxg8 cxd3 26. cxd3 Rxg8 27. Rf5 a6 28. Kf3 Rc8 29. Ke3 Rc2 30. Rf2 Rc1 31. Rh2 Re1+ 32. Kd2 Rg1 33. Rh6+ f6 34. Rh3 b4 35. Kc2 a5 36. Kb3 Rd1 37. g4 Ke5 38. Rh5+ Kd4 39. Rxa5 Rxd3+ 40. Kxb4 Kxe4 41. Rf5 Rd2 42. Ka3 Rg2 43. Rxf6 Rf2 44. Rd6 Rf3+ 45. b3 Ke5 46. Rd8 Rf8 47. Rxf8 1-0

[Event "Early-Titled-Tuesday-Blitz-October-10-2023"]
[Site "Chess.com"]
[Date "2023.10.10"]
[Round "2"]
[White "Pingah9"]
[Black "Legendinunknown"]
[Result "0-1"]
[WhiteElo "2563"]
[BlackElo "2823"]
[TimeControl "180+1"]
[EndTime "8:18:06 PDT"]
[Termination "Legendinunknown won by checkmate"]

1. e4 e5 2. Nf3 Nc6 3. Bb5 a6 4. Ba4 d6 5. O-O Bg4 6. h3 h5 7. d3 b5 8. Bb3 Nd4 9. Nbd2 Qf6 10. c3 Nxf3+ 11. Nxf3 Bxf3 12. Qxf3 Qxf3 13. gxf3 Nf6 14. f4 exf4 15. Bxf4 g5 16. Be3 Be7 17. Kh2 g4 18. a4 b4 19. a5 bxc3 20. bxc3 Rb8 21.
Ba4+ Kf8 22. Rab1 Kg7 23. Bc6 d5 24. e5 Nh7 25. Bxd5 Ng5 26. Bxg5 Bxg5 27. d4 Bd2 28.
c4 Bc3 29. Rxb8 Rxb8 30. hxg4 hxg4 31. Rd1 Rb2 32. Kg3 Bxa5 33. c5 Bc3 34. e6 fxe6 35. Bxe6 Rb4 36. d5 Be5+ 37. Kg2 Kf6 38. Rh1 Bd4 39.
c6 Rb2 40. Kg3 Bxf2+ 41. Kxg4 Ke5 42. Ra1 Rb6 43. Kf3 Bc5 44. Ke2 Kd6 45. Kd3 Bb4 46.
Rh1 Bc5 47. Kc4 Rb4+ 48. Kc3 Rf4 49. Rh6 Bd4+ 50. Kd3 Kc5 51. Rh7 Be5 52. Rf7 Rd4+ 53. Ke3 Rb4 54. Rf5 Bd6 55. Rf7 a5 56. Kd3 a4 57. Rf2 Rb3+ 58. Kc2 Kb4 59. Re2 Rc3+ 60. Kb2 Rc4 61. Rc2 a3+ 62. Kb1 Rf4 63. Ka2 Rf1 64.
Re2 Rf4 65. Rg2 Rf3 66. Rg4+ Kc3 67. Rg2 Re3 68. Bf5 Re5 69. Be6 Re1 70. Bf5 Be5 71. Rc2+ Kb4 72. Rg2 Ra1# 0-1

[Event "Early-Titled-Tuesday-Blitz-October-10-2023"]
[Site "Chess.com"]
[Date "2023.10.10"]
[Round "2"]
[White "Iskusnyh"]
[Black "Josgar05"]
[Result "1-0"]
[WhiteElo "2591"]
[BlackElo "2235"]
[TimeControl "180+1"]
[EndTime "8:18:06 PDT"]
[Termination "Iskusnyh won by checkmate"]

1. d4 Nf6 2. c4 c5 3. d5 b5 4.
cxb5 a6 5. e3 g6 6. Nc3 Bg7 7.
a4 O-O 8. e4 e6 9. e5 Ne8 10. Nf3 axb5 11. Bxb5 Nc7 12. Bg5 Qe8 13. O-O Nxb5 14. Nxb5 d6 15. Nc7 Qd7 16. Nxa8 Qb7 17.
dxe6 Bxe6 18. Qxd6 Qxa8 19. Qxc5 Nd7 20. Qe3 Rb8 21.
Bh6 Rb3 22. Qf4 Bxh6 23. Qxh6 Rxf3 24. Rfe1 Rb3 25. Qd2 Kg7 26. Re3 Rb6 27. b4 Qc6 28. b5 Qc4 29. Rc1 Qxa4 30. h3 Qxb5 31. Qd4 Ra6 32. Ree1 Ra2 33. Ra1 Rxa1 34. Qxa1 Qd3 35. Qb2 h5 36. Qc1 Qd4 37. Qg5 Qc3 38. Re3 Qc1+ 39.
Kh2 Qb2 40. Qf4 Qa2 41. g4 hxg4 42. hxg4 Kf8 43. Rh3 Nc5 44. Rh8+ Kg7 45. Qf6# 1-0

[Event "Early-Titled-Tuesday-Blitz-October-10-2023"]
[Site "Chess.com"]
[Date "2023.10.10"]
[Round "2"]
[White "Oleksandr_Bortnyk"]
[Black "SmirnovAlexandrA"]
[Result "1-0"]
[WhiteElo "3053"]
[BlackElo "2631"]
[TimeControl "180+1"]
[EndTime "8:18:07 PDT"]
[Termination "Oleksandr_Bortnyk won on time"]

1. e4 c5 2. c3 d6 3. d4 Nf6 4.
Bd3 g6 5. dxc5 dxc5 6. e5 Nd5 7. Be4 Be6 8. c4 Nb4 9. Qxd8+ Kxd8 10. Bxb7 Nc2+ 11. Kd1 Nxa1 12. Bxa8 Bg7 13. Nf3 Bxc4 14. b3 Bd3 15. Na3 Kc7 16. Bb2 Rd8 17. Nd2 Bh6 18. Bxa1 Bxd2 19. Kxd2 Be4+ 20. Ke3 Bxa8 21. f3 a6 22. Rc1 Nd7 23. b4 Bd5 24. Bd4 Bxa2 25.
Bxc5 Nxc5 26. Rxc5+ Kb7 27. Nc2 f6 28. Nd4 Rc8 29. Rxc8 Kxc8 30. f4 Bd5 31. g4 Kb7 32.
h4 Kb6 33. h5 a5 34. bxa5+ Kxa5 35. h6 Kb6 36. g5 fxg5 37. fxg5 Kc7 38. Ne2 Kd7 39.
Nf4 Bg8 40. Kd4 Kc6 41. Nd3 Bf7 42. Nb4+ Kd7 43. Na6 Ke6 44. Ke4 Kd7 45. Nc5+ Kc6 46. Kd4 Bg8 47. Nd3 Kd7 48. Nf4 Kc6 49. Ke3 Bf7 50. Ke4 Bg8 51. Kd4 Bf7 52. e6 Bg8 53. Ke5 Kc5 54. Nd5 Kc6 55. Nxe7+ 1-0

[Event "Early-Titled-Tuesday-Blitz-October-10-2023"]
[Site "Chess.com"]
[Date "2023.10.10"]
[Round "2"]
[White "toog"]
[Black "carokannlover213"]
[Result "1-0"]
[WhiteElo "2541"]
[BlackElo "2726"]
[TimeControl "180+1"]
[EndTime "8:18:07 PDT"]
[Termination "toog won by checkmate"]

1. d4 Nf6 2. c4 e6 3. Nc3 Bb4 4. Qc2 Nc6 5. Nf3 d6 6. e4 O-O 7. e5 dxe5 8. dxe5 Nd7 9. Bf4 h6 10. h4 f5 11. O-O-O Qe7 12. Bd3 Nc5 13. Be2 Bd7 14. a3 Bxc3 15. Qxc3 Ne4 16. Qe3 Na5 17. Nd4 Ba4 18. f3 Nc5 19. g4 fxg4 20. fxg4 Ncb3+ 21. Kb1 Nxd4 22. Rxd4 c5 23. Rd2 Nb3 24. Rd6 Nd4 25. Bd3 Bc6 26. Rh2 Rad8 27. g5 Rxd6 28. exd6 Qf7 29.
Be5 h5 30. g6 Qf3 31. Bxd4 cxd4 32. Qxe6+ Kh8 33. Rh3 Qd1+ 34. Ka2 Ba4 35. c5 b6 36.
Bc4 b5 37. Bd5 b4 38. axb4 Bc2 39. Ka3 Qa1+ 40. Ba2 Bb1 41. Rf3 Rb8 42. d7 d3 43.
Rxd3 Bxd3 44. c6 Bc4 45. Qxc4 Qg1 46. c7 Rf8 47. c8=Q Qf2 48. Qxf8+ Qxf8 49. Qg8+ Qxg8 50. Bxg8 a5 51. d8=Q axb4+ 52. Ka4 b3 53. Bxb3# 1-0

[Event "Early-Titled-Tuesday-Blitz-October-10-2023"]
[Site "Chess.com"]
[Date "2023.10.10"]
[Round "2"]
[White "Happy1712Drummer"]
[Black "lamomiajunior"]
[Result "0-1"]
[WhiteElo "2388"]
[BlackElo "2727"]
[TimeControl "180+1"]
[EndTime "8:18:07 PDT"]
[Termination "lamomiajunior won on time"]

1. e4 c6 2. d4 d5 3. Nc3 dxe4 4.
Nxe4 Nf6 5. Nxf6+ exf6 6. Be2 Bd6 7. Bf3 O-O 8. Ne2 Re8 9. O-O Na6 10. c4 Nc7 11. Be3 a5 12. c5 Bf8 13. Nc3 Be6 14.
a3 Nd5 15. Nxd5 Bxd5 16. Bxd5 Qxd5 17. b4 f5 18. g3 g6 19. Rb1 axb4 20. axb4 Bg7 21.
Qb3 Qf3 22. Rfd1 h5 23. h4 Rad8 24. Rd3 Qe4 25. Rbd1 Qd5 26. Qxd5 Rxd5 27. b5 Re4 28. bxc6 bxc6 29. f3 Re8 30. Kf2 Ra8 31. R1d2 Ra4 32. Ke2 Bf6 33. Rb3 Ra6 34. Rb6 Rxb6 35. cxb6 Rb5 36. Rc2 Bd8 37. Rxc6 Bxb6 38. Kd3 Rb1 39. d5 Rb3+ 40. Kc4 Rxe3 41. Rxb6 Rxf3 42. Rb8+ Kg7 43. d6 Rf1 44. d7 Rc1+ 45. Kd5 Rd1+ 46. Kc6 Rc1+ 47.
Kb7 Rb1+ 48. Kc7 Rc1+ 49. Kd8 f6 50. Rb5 Kf7 51. Rb4 g5 52. Rd4 Ke6 53. Rd2 Kf7 54. Ra2 f4 0-1

[Event "Early-Titled-Tuesday-Blitz-October-10-2023"]
[Site "Chess.com"]
[Date "2023.10.10"]
[Round "2"]
[White "mapleaff"]
[Black "forevery0ung"]
[Result "0-1"]
[WhiteElo "2372"]
[BlackElo "2683"]
[TimeControl "180+1"]
[EndTime "8:18:08 PDT"]
[Termination "forevery0ung won on time"]

1. e4 c6 2. Nf3 d5 3. d3 g6 4. Nc3 Bg7 5. Bd2 e5 6. g3 Nf6 7.
Bg2 O-O 8. O-O Re8 9. Bg5 d4 10. Ne2 c5 11. Nd2 h6 12. Bxf6 Bxf6 13. a4 Nc6 14. h4 h5 15. Kh2 Bg4 16. f3 Be6 17. Bh3 Qd7 18. Bxe6 Qxe6 19. a5 b6 20. axb6 axb6 21.
Rxa8 Rxa8 22. Nc4 Na5 23. Nxa5 Rxa5 24. f4 b5 25. f5 Qe7 26. Ng1 Kg7 27. Nh3 c4 28. g4 hxg4 29. Qxg4 cxd3 30. cxd3 Ra2 31. fxg6 Rxb2+ 32. Kh1 Qe6 33. Rf5 Rb1+ 34. Ng1 fxg6 35. h5 Qf7 36. Kg2 Kh6 37. hxg6 Qxg6 38. Qxg6+ Kxg6 39.
Nf3 b4 40. Nxe5+ Kg7 0-1

[Event "Early-Titled-Tuesday-Blitz-October-10-2023"]
[Site "Chess.com"]
[Date "2023.10.10"]
[Round "2"]
[White "HrvojeZagreb"]
[Black "SAInt_666"]
[Result "0-1"]
[WhiteElo "2305"]
[BlackElo "2656"]
[TimeControl "180+1"]
[EndTime "8:18:09 PDT"]
[Termination "SAInt_666 won by resignation"]

1. d4 Nf6 2. Bf4 Nc6 3. e3 d6 4. Bb5 g6 5. h3 a6 6. Ba4 Bd7 7. Nf3 Bg7 8. O-O O-O 9. c3 Qe8 10. Bh2 Rd8 11. Qe2 Nxd4 12. cxd4 Bxa4 13. Nc3 Bd7 14.
Rfc1 e6 15. b4 Rc8 16. a4 Nd5 17. Nxd5 exd5 18. Qa2 Qe4 19. Rc3 Bxh3 20. Rac1 Bg4 21. Nd2 Qe7 22. Qc2 c6 23. b5 axb5 24. axb5 Bd7 25. Qb3 Rfe8 26. R3c2 Ra8 27. Qb4 Bf8 28. Nb3 Rec8 29. Bg3 c5 30. dxc5 dxc5 31. Qf4 b6 32. Rd2 Be6 33. e4 d4 34. Na1 Ra5 35. Nc2 Rxb5 36.
Ne1 h6 37. Nf3 Ra5 38. e5 Ra2 39. Rxa2 Bxa2 40. Nxd4 Qg5 41. Qxg5 hxg5 42. Nf3 Be7 43. Bh2 Bd5 44. Nd2 c4 45. f3 b5 46. Ne4 Bxe4 47. fxe4 b4 48. Kf1 b3 49. Ke2 b2 50. Rb1 c3 51. Kd3 c2 0-1

[Event "Early-Titled-Tuesday-Blitz-October-10-2023"]
[Site "Chess.com"]
[Date "2023.10.10"]
[Round "2"]
[White "Irishchessman16"]
[Black "RobertoJBM"]
[Result "0-1"]
[WhiteElo "2455"]
[BlackElo "2820"]
[TimeControl "180+1"]
[EndTime "8:18:09 PDT"]
[Termination "RobertoJBM won by resignation"]

1. d4 d5 2. c4 c6 3. cxd5 cxd5 4. Bf4 Qb6 5. Qd2 Nc6 6. e3 Nf6 7. Nc3 e6 8. Bd3 Be7 9. Nge2 O-O 10. O-O Bd7 11.
h3 Rfc8 12. Bg5 Na5 13. Rab1 Nc4 14. Qc2 h6 15. Bh4 Qa5 16. e4 Qd8 17. Bxf6 Bxf6 18. exd5 exd5 19. Nxd5 Na3 20. Qd2 Nxb1 21. Bxb1 Bb5 22.
Ndc3 Qa5 23. Rd1 Bxe2 24. Qxe2 Rd8 25. Qe4 g6 26. Qxb7 Rab8 27. Qc6 Qb6 28. d5 Bxc3 29.
Qxb6 Rxb6 30. bxc3 Rc8 31. Rc1 Rc5 32. c4 Kf8 33. Bd3 Ke7 34. Rc2 Kd6 35. Kh2 Rb4 36.
Re2 Rb7 37. Re8 Re7 38. Rd8+ Rd7 39. Ra8 Ra5 40. Rc8 Rxa2 41. Rc6+ Ke5 42. Kg3 Ra3 43. f4+ Kd4 44. Kg4 Rxd3 45. d6 Rc3 46. c5 Rxc5 0-1

[Event "Early-Titled-Tuesday-Blitz-October-10-2023"]
[Site "Chess.com"]
[Date "2023.10.10"]
[Round "2"]
[White "jcibarra"]
[Black "Aleksandar-Topalov"]
[Result "1-0"]
[WhiteElo "2936"]
[BlackElo "2400"]
[TimeControl "180+1"]
[EndTime "8:18:09 PDT"]
[Termination "jcibarra won by checkmate"]

1. e4 e6 2. d4 d5 3. Nc3 Bb4 4.
Ne2 Nf6 5. e5 Ng8 6. a3 Bf8 7.
f4 h5 8. Be3 g6 9. Ng1 b6 10. b4 c6 11. Nf3 Ba6 12. b5 cxb5 13.
Nxb5 Nh6 14. Bd3 Nf5 15. Bf2 Qd7 16. a4 Bb4+ 17. Kf1 O-O 18. g3 Nc6 19. c3 Be7 20. h3 Bxb5 21. axb5 Na5 22. g4 Ng7 23. Rg1 Nc4 24.
Qb1 hxg4 25. hxg4 f5 26. exf6 Rxf6 27. Qc1 Bd6 28. Ne5 Bxe5 29. dxe5 Rff8 30. Kg2 Qxb5 31.
Bxg6 d4 32. Be4 d3 33. Rh1 d2 34. Bh7+ Kf7 35. Qc2 Qd5+ 36. Be4 Qd7 37. Rh7 Rh8 38. Bg6+ Kg8 39. Rxh8+ Kxh8 40. Rh1+ Kg8 41. Bh7+ Kf8 42. Be4 Rd8 43. Rh8+ Kf7 44. Bg6+ Ke7 45. Bh4# 1-0

[Event "Early-Titled-Tuesday-Blitz-October-10-2023"]
[Site "Chess.com"]
[Date "2023.10.10"]
[Round "2"]
[White "FREDERICKtheMATE"]
[Black "Zaro1309"]
[Result "1-0"]
[WhiteElo "2586"]
[BlackElo "2345"]
[TimeControl "180+1"]
[EndTime "8:18:10 PDT"]
[Termination "FREDERICKtheMATE won by resignation"]

1. Nf3 d5 2. g3 e6 3. Bg2 Nf6 4. O-O Be7 5. c4 O-O 6. b3 c6 7.
Bb2 Nbd7 8. d3 b6 9. Nbd2 Bb7 10.
Qc2 Rc8 11. e4 dxe4 12. dxe4 c5 13. e5 Ng4 14. h3 Nh6 15. Rad1 Qc7 16. Ne4 Nf5 17.
Rfe1 Rcd8 18. g4 Nh4 19. Nxh4 Bxh4 20. Nd6 Bxg2 21. Kxg2 Nb8 22. Qe4 Be7 23. Nb5 Qc6 24. f3 a6 25. Nc3 Qxe4 26. Nxe4 Nc6 27. f4 Nb4 28. f5 Nd3 29. f6 Nxe1+ 30. Rxe1 gxf6 31.
exf6 Bd6 32. Bc1 Rfe8 33. h4 Bc7 34. Bh6 Rd4 35. Bg7 Red8 36. h5 Bf4 37. Kf3 Bd2 38. Re2 h6 39. Nxd2 Rxd2 40. Bxh6 R8d3+ 41. Be3 Rxe2 42. Kxe2 Rd6 43. g5 Kh7 44. a4 Rc6 45.
Kf3 Rd6 46. Ke4 Rd1 47. g6+ fxg6 48. f7 Re1 49. f8=Q Rf1 1-0

[Event "Early-Titled-Tuesday-Blitz-October-10-2023"]
[Site "Chess.com"]
[Date "2023.10.10"]
[Round "2"]
[White "DopplerCharlotteDeWitte"]
[Black "Orest_Vovk"]
[Result "1-0"]
[WhiteElo "2743"]
[BlackElo "2526"]
[TimeControl "180+1"]
[EndTime "8:18:11 PDT"]
[Termination "DopplerCharlotteDeWitte won on time"]

1. e4 g5 2. d4 g4 3. Nc3 Bg7 4. Be3 h5 5. h3 d6 6. hxg4 hxg4 7. Rxh8 Bxh8 8. Qd2 c6 9. Nge2 Qa5 10. a3 Nd7 11.
Ng3 Nf8 12. Be2 Nf6 13. O-O-O Ng6 14. Rh1 b5 15. e5 b4 16. Na2 dxe5 17. Qxb4 Qxb4 18.
Nxb4 exd4 19. Bxd4 Bb7 20. Nd3 c5 21. Nxc5 Bxg2 22.
Rh2 Bf3 23. Bxf3 gxf3 24. Nh5 Nxh5 25. Bxh8 Nhf4 26. Nd3 Nxd3+ 27. cxd3 O-O-O 28. Bc3 Rxd3 29. Rh7 e5 30. Rxf7 e4 31. Kc2 Rd7 32. Rf6 Ne7 33. Rf4 Nd5 34. Rxe4 Rf7 35. Bd4 Kb7 36. Re6 Nf4 37. Rf6 Rxf6 38. Bxf6 Nh3 39. Bd4 a6 40. Kd3 Kc6 41. Ke4 Ng1 42. a4 a5 43. Bc3 Kc5 44. Bxa5 Kc4 45. Bd2 Nh3 46. Kxf3 Kb3 47. a5 Ng1+ 48. Ke3 Nh3 49. a6 1-0

[Event "Early-Titled-Tuesday-Blitz-October-10-2023"]
[Site "Chess.com"]
[Date "2023.10.10"]
[Round "2"]
[White "aaaao"]
[Black "Herman-NY"]
[Result "1-0"]
[WhiteElo "2744"]
[BlackElo "2525"]
[TimeControl "180+1"]
[EndTime "8:18:12 PDT"]
[Termination "aaaao won on time"]

1. Nf3 Nf6 2. b3 g6 3. Bb2 Bg7 4. e4 d6 5. d3 O-O 6. Nbd2 e5 7. g3 c5 8. Bg2 Nc6 9. O-O Ne8 10. c3 Nc7 11.
Nc4 Ne6 12. Ne3 f5 13. exf5 gxf5 14. Nh4 f4 15. Nef5 Bf6 16. Qh5 Bxh4 17. Nxh4 Qf6 18. Rae1 Bd7 19. Bd5 Rae8 20. d4 cxd4 21. cxd4 Nxd4 22.
Bxd4 exd4 23. Re4 Kh8 24. Bxe6 Rxe6 25. Rxf4 Qg7 26. Nf5 Qe5 27. Qg5 Rg6 28. Qe7 Qxe7 29. Nxe7 Rgf6 30. Rxf6 Rxf6 31. Rd1 Re6 32. Nf5 Re2 33.
Nxd6 Bc6 34. Nf5 d3 35. Nd4 Rxa2 36. Nxc6 bxc6 37. Rxd3 Rb2 38. Rc3 a5 39. Rxc6 Rxb3 40. Ra6 Ra3 41. Kg2 Kg7 42. f4 Ra2+ 43. Kh3 a4 44. g4 a3 45. Kg3 Ra1 46. h3 Kf7 47. Kh4 1-0

[Event "Early-Titled-Tuesday-Blitz-October-10-2023"]
[Site "Chess.com"]
[Date "2023.10.10"]
[Round "2"]
[White "Balla_Tamas"]
[Black "Better_Chess_Faster"]
[Result "1-0"]
[WhiteElo "2432"]
[BlackElo "2067"]
[TimeControl "180+1"]
[EndTime "8:18:15 PDT"]
[Termination "Balla_Tamas won on time"]

1. e4 Nf6 2. e5 Nd5 3. c4 Nb6 4. d4 d6 5. f4 g6 6. Be3 Bg7 7. Nc3 Be6 8. d5 Bf5 9. Nf3 dxe5 10. fxe5 N8d7 11. c5 Nc8 12. Bd4 e6 13. d6 cxd6 14.
exd6 e5 15. Bf2 O-O 16. Bc4 e4 17. Nd4 e3 18. Bxe3 Re8 19. Nxf5 gxf5 20. O-O Rxe3 21. Rxf5 Ne5 22. Qd5 Qd7 23. Raf1 Nxc4 24. Rxf7 Qe6 25. Qg5 Qxf7 26. Rxf7 Kxf7 27. Qf4+ Ke8 28. Qxc4 Bxc3 29. bxc3 Nxd6 30. Qg8+ Kd7 31. Qxa8 Ne4 32. Qxb7+ Ke6 33. Qb3+ Ke5 34. h3 Nxc5 35. Qa3 Ne4 36. Qxa7 Rxc3 37. Qxh7 Rc1+ 38. Kh2 Rc2 39. Qg7+ Kd5 40. Qd7+ Kc4 41. Qc6+ Kd3 42. Qd5+ Ke3 43. a4 Rd2 44. Qb3+ Rd3 45. Qb1 Rd4 46. a5 Rd6 47. Qc1+ 1-0

[Event "Early-Titled-Tuesday-Blitz-October-10-2023"]
[Site "Chess.com"]
[Date "2023.10.10"]
[Round "2"]
[White "LUISMIGUELOV"]
[Black "DvaHrasta"]
[Result "0-1"]
[WhiteElo "2132"]
[BlackElo "2452"]
[TimeControl "180+1"]
[EndTime "8:18:18 PDT"]
[Termination "DvaHrasta won by resignation"]

1. d4 Nf6 2. c3 e6 3. Bg5 c5 4. e3 Qb6 5. Qb3 d5 6. Bxf6 gxf6 7.
Qxb6 axb6 8. a3 c4 9. Nd2 b5 10. b4 Nd7 11. e4 Nb6 12. f4 Bd7 13. Ne2 Bc6 14. exd5 Nxd5 15. Rg1 h5 16. g3 h4 17. g4 Bd6 18. Bg2 Nxf4 19. Bxc6+ bxc6 20. Ne4 Nd3+ 21. Kd2 Bxh2 22. Nxf6+ Ke7 23. Rh1 Kxf6 24. Rxh2 Kg5 25. Nc1 Nxc1 26. Rxc1 Rxa3 27. Rc2 h3 28. Ke3 Kxg4 29. Rc1 Kh4 30. Rf2 f5 31. Kf4 Rg8 32. Rf3 Rg2 33. Rh1 h2 34. Ke5 Re2+ 35. Kd6 Kg4 36. Rff1 Rxc3 37. Kxc6 Rd3 38. Kxb5 Rxd4 39. Kc5 Rd5+ 40. Kxc4 Rb2 41. Re1 Rc2+ 42. Kb3 Rg2 43. Rxe6 Rd3+ 44. Kc4 Rh3 45. Rg6+ Kf3 46. Rf6 f4 47. b5 Rg1 48. Rxh2 Rxh2 49. b6 Rc1+ 50. Kd5 Rd2+ 51. Ke5 Rc5+ 52. Ke6 Rc6+ 53. Kf5 Rxf6+ 54. Kxf6 Rd6+ 55. Ke5 Rxb6 56. Kd5 Ke3 0-1

[Event "Early-Titled-Tuesday-Blitz-October-10-2023"]
[Site "Chess.com"]
[Date "2023.10.10"]
[Round "2"]
[White "amanmuhammethommadov"]
[Black "Rikikits"]
[Result "1-0"]
[WhiteElo "2583"]
[BlackElo "2809"]
[TimeControl "180+1"]
[EndTime "8:18:20 PDT"]
[Termination "amanmuhammethommadov won on time"]

1. e4 c6 2. d4 d5 3. e5 Bf5 4.
Nd2 c5 5. dxc5 Nc6 6. Ngf3 e6 7. Nb3 Bxc5 8. Bb5 Bb6 9. Nbd4 Ne7 10. Bg5 Bxd4 11.
Nxd4 Qa5+ 12. c3 O-O 13. b4 Qc7 14. Bxc6 Nxc6 15. Nxc6 Qxc6 16. Qd4 Rfc8 17. Rc1 a5 18. O-O h6 19. Be3 Qc4 20. Qxc4 Rxc4 21. a3 a4 22. Bd4 Rac8 23. f3 g5 24. Kf2 Kg7 25. Ke3 h5 26. h3 h4 27. f4 g4 28. hxg4 Bxg4 29. Rh1 Rh8 30. Rh2 h3 31. gxh3 Rxh3+ 32. Rxh3 Bxh3 33. Rg1+ Kf8 34. Rh1 Bf5 35. Rh8+ Kg7 36. Rb8 Rc7 37. Bc5 Kg6 38. Kd4 Kh5 39. b5 Kg4 40. b6 Rd7 41. Ke3 Bg6 42. Bd6 f6 43. Bc7 fxe5 44. fxe5 d4+ 45. cxd4 Rh7 46. Rxb7 Rh3+ 47. Kd2 Be4 48. Ra7 Rd3+ 49. Ke2 Rb3 50. Rxa4 Kf4 51. d5 Rb2+ 52. Kd1 Ke3 53. Rxe4+ Kxe4 54. dxe6 Kd3 55. Kc1 Rc2+ 56. Kb1 Kc3 57. b7 Rb2+ 58. Kc1 Rxb7 59. e7 1-0

[Event "Early-Titled-Tuesday-Blitz-October-10-2023"]
[Site "Chess.com"]
[Date "2023.10.10"]
[Round "2"]
[White "colegiodemadrid"]
[Black "Rutricks"]
[Result "0-1"]
[WhiteElo "2375"]
[BlackElo "2685"]
[TimeControl "180+1"]
[EndTime "8:18:20 PDT"]
[Termination "Rutricks won on time"]

1. e4 g6 2. d4 Bg7 3. c3 c6 4.
h4 d5 5. e5 f6 6. Nf3 Bg4 7.
Bf4 fxe5 8. Bxe5 Bxe5 9. dxe5 Nd7 10. Qd4 Bxf3 11. gxf3 e6 12. Bh3 Qe7 13. Nd2 Nh6 14. h5 gxh5 15. O-O-O a6 16. Qe3 Nf7 17. f4 O-O-O 18.
Nb3 Nh6 19. Nd4 Nc5 20. b4 Ne4 21. Nxe6 Kb8 22. Nxd8 Rxd8 23. f3 Ng3 24. Rhg1 h4 25. Kb2 Rf8 26. e6 Qf6 27. Rde1 Kc7 28. e7 Re8 29.
Qe6 Qxe6 30. Rxe6 Ng8 31. Rge1 Nh5 32. f5 Nf4 33. f6 Nh6 34. f7 Nxf7 35. Rf6 Nd3+ 36.
Kb3 Nxe1 37. Rxf7 Kd6 38. Rxh7 Nxf3 39. Bg4 Ne5 40. Rxh4 Rxe7 41. Bf5 Nc4 42. Rh6+ Kc7 43. Be6 Rg7 44. Rf6 Rg2 45. Rf7+ Kb6 0-1

[Event "Early-Titled-Tuesday-Blitz-October-10-2023"]
[Site "Chess.com"]
[Date "2023.10.10"]
[Round "2"]
[White "valemava"]
[Black "Harry_Rakkel"]
[Result "1/2-1/2"]
[WhiteElo "2276"]
[BlackElo "2641"]
[TimeControl "180+1"]
[EndTime "8:18:21 PDT"]
[Termination "Game drawn - insufficient material"]

1. Nf3 Nf6 2. c4 b6 3. b4 e6 4. a3 c5 5. bxc5 bxc5 6. Nc3 Nc6 7. g3 Rb8 8. Bg2 Be7 9. O-O O-O 10. d4 cxd4 11. Nxd4 Nxd4 12. Qxd4 Bb7 13. e4 Qa5 14. e5 Bxg2 15. Kxg2 Bc5 16. Qf4 Qxc3 17. Bd2 Nh5 18. Bxc3 Nxf4+ 19. gxf4 Rfc8 20. Rfd1 Rb7 21. Bd4 Bf8 22.
c5 Rcb8 23. Rac1 g6 24. Be3 Rc8 25. Rd3 h5 26. Kf3 Be7 27. Ke4 Kf8 28. Rc4 Ke8 29.
Bd2 Rb1 30. Bb4 Rc7 31. Rdc3 Re1+ 32. Kf3 Rd1 33. c6 Bxb4 34. axb4 dxc6 35. Rxc6 Rxc6 36. Rxc6 Rd3+ 37. Ke4 Rb3 38. Rc8+ Kd7 39. Rb8 Kc7 40. Rf8 Rxb4+ 41. Kf3 a5 42. Rxf7+ Kb6 43. Rf6 a4 44. Rxe6+ Ka5 45. Re8 Rb6 46. Rd8 a3 47. Rd1 Kb4 48. f5 gxf5 49. Kf4 a2 50. Kxf5 Rb8 51. e6 Rf8+ 52. Kg5 Rxf2 53. Kxh5 Rxh2+ 54. Kg6 Rd2 55. Ra1 Re2 56. Kf7 Kb3 57. e7 Rf2+ 58. Ke6 Re2+ 59.
Kf7 Kb2 60. Rxa2+ Kxa2 61. e8=Q Rxe8 62. Kxe8 1/2-1/2